 Dungeon Crawl Stone Soup version 0.15-a0-1113-g220e614 (console) character file.

31 gw the Cudgeler (level 3, -1/40 HPs)
             Began as an Ogre Berserker on May 28, 2014.
             Was a Follower of Trog.
             Slain by a quokka (4 damage)
             ... on Level 2 of the Dungeon.
             The game lasted 00:00:29 (1054 turns).

gw the Cudgeler (Ogre Berserker)                    Turns: 1054, Time: 00:00:29

HP  -1/40        AC  3     Str 22      XL: 3   Next: 22%
MP   3/3         EV 10     Int  6      God: Trog [*.....]
Gold 0           SH  0     Dex 10      Spells:  0 memorised,  2 levels left

rFire  . . .     SeeInvis .     a - +0 mace
rCold  . . .     Clarity  .     l - +0 robe (curse)
rNeg   . . .     Conserve .     (shield restricted)
rPois  .         rCorr    .     (helmet restricted)
rElec  .         rRot     .     (no cloak)
SustAb .         Spirit   .     (gloves unavailable)
rMut   .         Warding  .     (boots unavailable)
Gourm  .         Stasis   .     (no amulet)
MR     .....                    (no ring)
                                (no ring)

@: not resistant to hostile enchantments, very unstealthy
A: unfitting armour, tough skin 1
a: Burn Spellbooks, Berserk, Renounce Religion


You were on level 2 of the Dungeon.
You worshipped Trog.
Trog was aware of your devotion.
You were hungry.

You visited 1 branch of the dungeon, and saw 2 of its levels.

Inventory:

Hand weapons
 a - a +0,+0 mace (weapon)
Armour
 l - a cursed +0 robe (worn)
Comestibles
 c - 2 meat rations
 f - a bread ration
 h - a beef jerky
 k - 7 fruits
Scrolls
 b - a scroll of blinking {unknown}
 g - a scroll of noise
Potions
 d - a potion of confusion


   Skills:
 + Level 4.3 Fighting
 * Level 4.7 Maces & Flails
 + Level 1.3 Throwing
 + Level 3.1 Dodging


You had 2 spell levels left.
You didn't know any spells.

Dungeon Overview and Level Annotations

Branches:
Dungeon (2/15)

Altars:


Innate Abilities, Weirdness & Mutations

You are too large for most types of armour.
You have tough skin (AC +1).


Message History

ATTACKING (-1,-1)
You sock the worm!
You kill the worm!
Trog accepts your kill. The quokka bites you.
MOVING TO (-3,-8)
The quokka barely misses you.
You see here a worm corpse.
MOVING TO (-2,-7)
The quokka twitches its whiskers.
The quokka closely misses you.
MOVING TO (-2,-6)
The quokka bites you.
MOVING TO (-2,-5) MOVING TO (-2,-4) ATTACKING (0,1)
You hit the quokka.
The quokka is almost dead.
The quokka bites you.
You die...

#... ..=.... ####........
... # .....?....... ....
# .....#. ?.# #..# #
.<...##..# #..# #
#...%..# #..# ### #.....#
#..###.. . ###O...#
#...##.. ..###..r).##
###.#..#.. .....#.....###
#...#...##
.............###>..#...#.
........%.#....#.........
..........#..............
........>##.###.###.....#
##.......##.# #.# #..####
....#######.# #+# #..# #


You could see a quokka.

Table legend:
 A = Turns spent in this place as a percentage of turns spent in the entire game.
 B = Non-inter-level travel turns spent in this place as a percentage of non-inter-level travel turns spent in the entire game.
 C = Inter-level travel turns spent in this place as a percentage of turns spent in this place.
 D = Turns resting spent in this place as a percentage of non-inter-level travel turns spent in this place.
 E = Turns spent auto-exploring this place as a percentage of non-inter-level travel turns spent in this place.
 F = Non-inter-level travel turns spent in this place divided by the number of levels of this place that you've seen.
                   A       B       C       D       E      F
               +-------+-------+-------+-------+-------+----------------------
         Total | 100.0 | 100.0 |   1.1 |   9.7 |  26.9 |  93.0
       Dungeon | 100.0 | 100.0 |   1.1 |   9.7 |  26.9 |  93.0
               +-------+-------+-------+-------+-------+----------------------

Table legend:
 A = Kills in this place as a percentage of kills in entire the game.
 B = Kills by you in this place as a percentage of kills by you in the entire game.
 C = Kills by friends in this place as a percentage of kills by friends in the entire game.
 D = Other kills in this place as a percentage of other kills in the entire game.
 E = Experience gained in this place as a percentage of experience gained in the entire game.
 F = Experience gained in this place divided by the number of levels of this place that you have seen.
                   A       B       C       D       E      F
               +-------+-------+-------+-------+-------+----------------------
         Total | 100.0 | 100.0 |  -nan |  -nan | 100.0 |  22.5
       Dungeon | 100.0 | 100.0 |  -nan |  -nan | 100.0 |  22.5
               +-------+-------+-------+-------+-------+----------------------

Vanquished Creatures
  An adder (D:2)
  A worm (D:2)
  A giant gecko (D:1)
  A bat (D:1)
  3 goblins
  4 hobgoblins
  A kobold (D:1)
  A ball python (D:2)
  2 giant newts (D:1)
  3 rats (D:1)
18 creatures vanquished.

Notes
Turn   | Place    | Note
--------------------------------------------------------------
     0 | D:1      | gw, the Ogre Berserker, began the quest for the Orb.
     0 | D:1      | Reached XP level 1. HP: 24/24 MP: 1/1
   210 | D:1      | SGrunt: hi gw
   210 | D:1      | Let me focus here...
   210 | D:1      | gw-responses activated
   358 | D:1      | Reached XP level 2. HP: 32/32 MP: 2/2
   836 | D:2      | Reached skill level 1 in Throwing
   900 | D:2      | Reached XP level 3. HP: 34/39 MP: 3/3
  1051 | D:2      | HP: 2/40 [quokka (1)]
  1054 | D:2      | Slain by a quokka

Action                   || total
-------------------------++-------
Melee: Mace              ||    53
Throw: Dart              ||    13
  Use: Scroll            ||     5
       Potion            ||     2

Vault maps used:
D:1:      dpeg_arrival_chambers_temple_mockup
D:2:      lemuel_doored_altar, lemuel_round_altar, tgw_xom, minmay_quantized
